 Dungeon Crawl Stone Soup version 0.29-a0-344-ge2f44be95a (webtiles) character file.

Game seed: 9534265415909347785

25 Jortsu the Chiller (level 2, -4/19 HPs)
             Began as a Demonspawn Ice Elementalist on Apr 21, 2022.
             Was a Follower of Jiyva.
             Killed from afar by Natasha (7 damage)
             ... with a puff of flame
             ... on level 2 of the Dungeon.
             The game lasted 00:03:02 (1029 turns).

Jortsu the Chiller (Demonspawn Ice Elementalist)    Turns: 1029, Time: 00:03:02

Health: -4/19      AC:  2    Str:  8    XL:     2   Next: 86%
Magic:  2/5        EV: 12    Int: 16    God:    Jiyva [*.....]
Gold:   9          SH:  0    Dex: 13    Spells: 3/5 levels left

rFire   . . .      SeeInvis .   (no weapon)
rCold   . . .      Faith    .   (no shield)
rNeg    . . .      Spirit   .   a - +0 robe
rPois   .          Reflect  .   (no helmet)
rElec   .          Harm     .   (no cloak)
rCorr   .          Rampage  .   (no gloves)
Will    .....                   (no boots)
Stlth   ++........              (no amulet)
HPRegen 0.86/turn               (no ring)
MPRegen 0.34/turn               (no ring)

@: no status effects
A: weakness stinger 1
a: Renounce Religion


You were on level 2 of the Dungeon.
You worshipped Jiyva.
Jiyva was aware of your devotion.
You visited 1 branch of the dungeon, and saw 2 of its levels.

You collected 9 gold pieces.

Inventory:

Armour
 a - a +0 robe (worn)
Potions
 b - a potion of magic
 e - a potion of haste {unknown}
 f - a potion of invisibility {unknown}
 j - 2 potions of curing {unknown}


   Skills:
 + Level 1.9 Dodging
 + Level 1.7 Stealth
 + Level 2.2 Spellcasting
 + Level 4.2 Ice Magic


You had 3 spell levels left.
You knew the following spells:

 Your Spells              Type           Power      Damage    Failure   Level
a - Freeze                Ice            60%        1d8       3%          1
b - Magic Dart            Conj           4%         1d3       21%         1

Your spell library contained the following spells:

 Spells                   Type           Power      Damage    Failure   Level
 Frozen Ramparts          Ice            30%        1d5       11%         3
 Ozocubu's Armour         Ice            15%        N/A       11%         3
 Searing Ray              Conj           2%         2d4       30%         2
 Hailstorm                Conj/Ice       8%         3d4       63%         4
 Fulminant Prism          Conj/Hex       0%         3d6       90%         4


Dungeon Overview and Level Annotations

Branches:
Dungeon (2/15)

Altars:
Okawaru
Jiyva

Shops:
D:1 (

Annotations:
D:2 Natasha


Innate Abilities, Weirdness & Mutations

You have a small tail.


Message History

The ball python bites you but does no damage.
The ball python barely misses you. The bat closely misses you.
Natasha howls an incantation.
Natasha's front paws start to glow.
Natasha claws you but does no damage. The bat hits you but does no damage.
Natasha attacks as you move away! Natasha claws you. The bat barely misses you.
The bat hits you but does no damage. The bat closely misses you.
Aiming: Freeze (safe; 3% risk of failure)
Press: ? - help, Q - select action, (/) - cycle Shift-Dir - straight line, f - bat, p - shadow imp
Aim: a bat You freeze the bat.
The bat is moderately wounded.
The bat hits you but does no damage.
Aiming: Freeze (safe; 3% risk of failure)
Press: ? - help, Q - select action, (/) - cycle Shift-Dir - straight line, f/p - bat
Aim: a bat (moderately wounded)
You freeze the bat.
You kill the bat!
The ball python bites you. The ball python grabs you.
The ball python constricts you.
Aiming: Freeze (safe; 3% risk of failure)
Press: ? - help, Q - select action, (/) - cycle Shift-Dir - straight line, f - ball python
Aim: a ball python (constricting you)
You freeze the ball python.
The ball python is severely wounded.
The ball python seems to slow down.
Natasha casts a spell.
The shadow imp lashes its tail.
Aiming: Freeze (safe; 3% risk of failure)
Press: ? - help, Q - select action, (/) - cycle Shift-Dir - straight line, f/p - ball python
Aim: a ball python (severely wounded, constricting you, slow)
You freeze the ball python.
You kill the ball python!
Natasha zaps a wand.
The puff of flame hits you!
Ouch! That really hurt!
* * * LOW HITPOINT WARNING * * *
Natasha zaps a wand.
The puff of flame hits you!
You die...

#####.# #.....#
#.##### #....(.
#######
.#########
.......@.#
.#######.# ...
#†# #.####h####
#.....55..#
.###.##......#
.....#.......#
# #..†......#
#.###.##...####


You could see Natasha, a white imp (summoned) and a shadow imp (summoned).

Vanquished Creatures
  A dart slug (D:1)
  A ball python (D:2)
  3 giant cockroaches
  2 goblins
  3 hobgoblins
  A kobold (D:2)
  2 quokkas
  4 bats
  2 frilled lizards (D:1)
  2 rats (D:1)
21 creatures vanquished.

Vanquished Creatures (others)
  An endoplasm (D:2)
  A kobold (D:1)
2 creatures vanquished.

Grand Total: 23 creatures vanquished

Notes
Turn   | Place    | Note
-------+----------+-------------------------------------------
     0 | D:1      | Jortsu the Demonspawn Ice Elementalist began the quest for
                  | the Orb.
     0 | D:1      | Reached XP level 1. HP: 13/13 MP: 3/3
   121 | D:1      | Found Wedghivu's Weapon Boutique.
   269 | D:1      | Reached skill level 4 in Ice Magic
   269 | D:1      | Gained mutation: You have a small tail. [demonic ancestry]
   269 | D:1      | Reached XP level 2. HP: 12/19 MP: 0/5
   567 | D:1      | Found a faded altar of an unknown god.
   570 | D:1      | Prayed at the altar of an unknown god.
   570 | D:1      | Became a worshipper of Jiyva Jaleg the Shapeless
   570 | D:1      | Reached * piety under Jiyva
   802 | D:1      | Learned a level 1 spell: Magic Dart
   972 | D:2      | Found an iron altar of Okawaru.
  1008 | D:2      | Noticed Natasha
  1029 | D:2      | Killed from afar by Natasha

Illustrated notes

Levels and vault maps discovered:
D:1:      giann_forest_graveyard, layout_rooms,
          hellmonk_ecumenical_altar_inner_sanctum, serial_shops,
          nicolae_shop_stone
D:2:      layout_basic, basic_altar, uniq_natasha

Skill      XL: |  1 |
---------------+----+-----
Ice Magic      | 4 |  4.2
Dodging        | |  1.9
Stealth        | |  1.7
Spellcasting   | |  2.2

Action                   || total
-------------------------++-------
Melee: Unarmed           ||    21
 Cast: Freeze            ||    35
  Use: Scroll            ||     5
Armor: Robe              ||    30
Dodge: Dodged            ||    41

Table legend: (Time is in decaauts)
 A = Elapsed time spent in this place.
 B = Non-inter-level travel time spent in this place.
 C = Inter-level travel time spent in this place.
 D = Time resting spent in this place.
 E = Time spent auto-exploring this place.
 F = Levels seen in this place.
 G = Mean time per level.
                   A        B        C        D        E       F      G
               +--------+--------+--------+--------+--------+-----+--------+
         Total |   1028 |    986 |     42 |    334 |    433 |   2 |  514.0 |
       Dungeon |   1028 |    986 |     42 |    334 |    433 |   2 |  514.0 |
               +--------+--------+--------+--------+--------+-----+--------+

Top non-repeatable levels by time:
     D:1: 844 daAuts
     D:2: 184 daAuts
